 Dungeon Crawl Stone Soup version 0.24.0-29-g8ce449bc06 (webtiles) character file.

Game seed: 15170519242604563078, levelgen mode: deterministic

151 Flugslaktarn the Chopper (level 5, -5/47 HPs)
             Began as a Minotaur Monk on Nov 15, 2019.
             Killed by divine providence
             ... invoked by an orc priest
              (11 damage)
             ... on level 3 of the Dungeon.
             The game lasted 00:01:01 (1793 turns).

Flugslaktarn the Chopper (Minotaur Monk)            Turns: 1793, Time: 00:01:02

Health: -5/47      AC:  2    Str: 16    XL:     5   Next: 11%
Magic:  4/4        EV:  9    Int: 12    God:
Gold:   184        SH: 12    Dex: 13    Spells: 4/4 levels left

rFire    . . .     SeeInvis .   a - +0 hand axe
rCold    . . .     Gourm    .   g - +0 large shield
rNeg     . . .     Faith    .   b - +0 robe
rPois    .         Spirit   .   (helmet restricted)
rElec    .         Reflect  .   (no cloak)
rCorr    .         Harm     .   (no gloves)
MR       .....                  (no boots)
Stlth    ++........             (no amulet)
HPRegen  0.15/turn              (no ring)
MPRegen  0.09/turn              (no ring)

@: brilliant, about to teleport
A: retaliatory headbutt, horns 2
a: no special abilities


You were on level 3 of the Dungeon.
You were not hungry.

You visited 1 branch of the dungeon, and saw 3 of its levels.

You collected 184 gold pieces.

Inventory:

Hand Weapons
 a - a +0 hand axe (weapon)
Armour
 b - a +0 robe (worn)
 g - a +0 large shield (worn)
   (You found it on level 1 of the Dungeon)
Jewellery
 d - an uncursed ring of resist corrosion {unknown}
   (You found it on level 2 of the Dungeon)
Wands
 n - a wand of enslavement (12)
   (You found it on level 3 of the Dungeon)
Scrolls
 h - 2 scrolls of amnesia {unknown}
 i - a scroll of immolation {unknown}
 m - 2 scrolls of fear {unknown}
 o - a scroll of random uselessness {unknown}
 r - 4 scrolls of identify
 t - 3 scrolls of teleportation
Potions
 j - 2 potions of lignification
 k - a potion of resistance {unknown}
 l - a potion of invisibility {unknown}
 p - a potion of brilliance
Comestibles
 e - 4 rations


   Skills:
 + Level 4.5 Fighting
 * Level 5.3 Axes
 + Level 2.3 Armour
 - Level 3.4 Dodging
 - Level 1.5 Stealth
 + Level 2.0 Shields


You had 4 spell levels left.
You didn't know any spells.
Your spell library was empty.

Dungeon Overview and Level Annotations

Branches:
Dungeon (3/15)

Altars:
Uskayaw
Yredelemnul


Innate Abilities, Weirdness & Mutations

You reflexively headbutt those who attack you in melee.
You have a pair of horns on your head.


Message History

You feel better. The orc priest closely misses you.
The orc priest casts a cantrip, but nothing happens.
The orc barely misses you.
Your shield prevents you from hitting the orc.
You headbutt the orc.
The orc is lightly wounded.
You barely miss the orc wizard. You block the orc wizard's attack.
The orc priest misses you.
The orc priest invokes the aid of Beogh against you.
Beogh smites you!
* * * LOW HITPOINT WARNING * * *
You block the orc's attack.
As you read the scroll labeled KYIRO TEDIREN, it crumbles to dust.
You feel strangely unstable.
It was a scroll of teleportation.
t - 3 scrolls of teleportation The orc wizard looks encouraged for a moment.
The orc priest closely misses you.
The orc priest calls down the wrath of Beogh upon you.
Beogh smites you!
You die...

#..........
######.8.......8
##
#...##..(.......
.
#..............#
#.
#../######.#....
#.o##.###))##
#.###.#
...oo.o...>#
#...)..
..####o##.#
#####.# #@##.#
#.( #o##.# ###
oo##<# .lo##.#
#.#.# .# #.#.#
#.#.. . #..


You could see 2 orc priests, an orc wizard, 3 orcs and a leopard gecko.

Vanquished Creatures
  A centaur (D:3)
  An adder (D:2)
  An ooze (D:3)
  2 worms
  3 dart slugs
  4 leopard geckos
  2 orcs (D:3)
  A giant cockroach (D:2)
  5 goblins (D:1)
  6 hobgoblins
  A quokka (D:3)
  3 bats
  3 frilled lizards
  4 kobolds
  4 rats
41 creatures vanquished.

Notes
Turn   | Place    | Note
-------+----------+-------------------------------------------
     0 | D:1      | Flugslaktarn the Minotaur Monk began the quest for the Orb.
     0 | D:1      | Reached XP level 1. HP: 19/19 MP: 0/0
   266 | D:1      | Reached XP level 2. HP: 27/27 MP: 1/1
   272 | D:1      | Reached skill level 4 in Axes
   437 | D:1      | Reached skill level 1 in Armour
  1019 | D:2      | Reached XP level 3. HP: 33/33 MP: 2/2
  1246 | D:2      | Found a basalt altar of Yredelemnul.
  1258 | D:2      | Reached skill level 1 in Shields
  1735 | D:3      | Found a hide-covered altar of Uskayaw.
  1758 | D:3      | Noticed a centaur
  1759 | D:3      | Reached XP level 4. HP: 40/40 MP: 3/3
  1766 | D:3      | Killed a centaur
  1766 | D:3      | Reached skill level 5 in Axes
  1766 | D:3      | Reached XP level 5. HP: 37/47 MP: 4/4
  1793 | D:3      | Killed from afar by an orc priest

Levels and vault maps discovered:
D:1:      elethiomel_arrival_quiet, layout_loops_ring, hangedman_decor_lopped
D:2:      layout_rooms, lemuel_round_altar, minivault_24
D:3:      layout_loops_ring, eat_drink_and_be_merry_uskayaw, minivault_24,
          uniq_crazy_yiuf_cottage

Skill      XL: |  1  2  3  4 |
---------------+-------------+-----
Axes           | 4 5 |  5.3
Armour         | 1 2 |  2.3
Fighting       | 4 |  4.5
Shields        | 1 2 |  2.0
Dodging        | |  3.4
Stealth        | |  1.5

Action                   |  1- 3 |  4- 6 || total
-------------------------+-------+-------++-------
Melee: Hand axe          |    98 |    14 ||   112
       Headbutt          |    14 |     4 ||    18
  Use: Potion            |       |     3 ||     3
       Scroll            |       |     2 ||     2
 Stab: Sleeping          |     5 |       ||     5
  Eat: Chunk             |     3 |       ||     3
Armor: Robe              |    12 |     2 ||    14
Dodge: Dodged            |    27 |    15 ||    42
Block: Large shield      |    37 |    17 ||    54
